 Dungeon Crawl Stone Soup version 0.21.1-1-g345015f (webtiles) character file.

95 sking99 the Magician (level 4, -2/24 HPs)
             Began as a Deep Elf Wizard on June 29, 2018.
             Slain by a gnoll
             ... wielding a +0 halberd
              (5 damage)
             ... on level 2 of the Dungeon.
             The game lasted 00:05:31 (1870 turns).

sking99 the Magician (Deep Elf Wizard)              Turns: 1870, Time: 00:05:32

Health: -2/24      AC:  2    Str:  5    XL:     4   Next: 39%
Magic:  2/13       EV: 13    Int: 23    God:
Gold:   124        SH:  0    Dex: 13    Spells: 9/14 levels left

rFire    . . .     SeeInvis .   k - +2 trident (pain)
rCold    . . .     Gourm    .   (no shield)
rNeg     . . .     Faith    .   a - +0 robe
rPois    .         Spirit   .   b - +0 hat
rElec    .         Reflect  .   (no cloak)
rCorr    .         Harm     .   (no gloves)
MR       .....                  (no boots)
Stlth    ++........             (no amulet)
HPRegen  0.08/turn              (no ring)
MPRegen  0.13/turn              (no ring)

@: very slightly contaminated
A: no striking features
a: no special abilities


You were on level 2 of the Dungeon.
You were not hungry.

You visited 1 branch of the dungeon, and saw 2 of its levels.

You collected 124 gold pieces.

Inventory:

Hand Weapons
 k - a +2 trident of pain (weapon)
Armour
 a - a +0 robe (worn)
 b - a +0 hat (worn)
Scrolls
 e - 3 scrolls of teleportation {unknown}
 f - a scroll of enchant armour {unknown}
 h - 6 scrolls of remove curse {unknown}
 i - a scroll of identify {unknown}
Potions
 g - 2 potions of heal wounds {unknown}
Books
 c - a book of Minor Magic

   Spells                             Type                      Level
   a - Magic Dart                     Conjuration                  1
   b - Blink                          Translocation                2
   c - Call Imp                       Summoning                    2
   d - Slow                           Hexes                        2
   e - Conjure Flame                  Conjuration/Fire             3
   f - Mephitic Cloud                 Conjuration/Poison/Air       3
Comestibles
 d - 4 rations
 j - 5 chunks of flesh


   Skills:
 - Level 2.4 Dodging
 - Level 2.4 Stealth
 + Level 5.5 Spellcasting
 - Level 3.0 Conjurations
 - Level 2.0 Summonings
 - Level 2.0 Translocations


You had 9 spell levels left.
You knew the following spells:

 Your Spells              Type           Power        Failure   Level  Hunger
a - Magic Dart            Conj           ###.         2%          1    None
b - Blink                 Tloc           N/A          6%          2    None
c - Call Imp              Summ           ###.....     6%          2    None


Dungeon Overview and Level Annotations

Branches:
Dungeon (2/15)

Altars:


Message History

Your white imp gestures at the gnoll.
The puff of frost hits the gnoll.
The gnoll appears unharmed.
Your crimson imp blinks!
Your white imp gestures at the gnoll.
The puff of frost hits the gnoll.
Casting: Call Imp
Confirm with . or Enter, or press ? or * to list all spells.
You miscast Call Imp.
You are very lightly contaminated with residual magic.
Nothing appears to happen.
The gnoll hits you from afar with a halberd!
* * * LOW HITPOINT WARNING * * *
Your white imp hits the gnoll but does no damage.
Casting: Call Imp
Confirm with . or Enter, or press ? or * to list all spells.
A beastly little devil appears in a puff of flame.
You swap places.
Your crimson imp barely misses the gnoll.
The gnoll hits you from afar with a halberd.
You die...

..........# #...........
........(## #.###.......
.........########## # #.......
................... #.......
.............######### #...#...
..........##.........## #...#...
........#.55.5g.## #..######.....
...?.....######5#####...####.....
.........# #.@................
.........# ####...............
.........# #...............
.........# #...............
........## #.......#.......
#......## #.......#.......
####### #.......#.......
#.......##...... #.......##......


You could see a gnoll, a friendly crimson imp and a friendly white imp.

Vanquished Creatures
  A bullfrog skeleton (D:2)
  An adder (D:2)
  A gnoll (D:2)
  2 worms (D:2)
  A dart slug (D:1)
  2 leopard geckos (D:1)
  3 bats
  4 goblins
  A hobgoblin (D:2)
  3 jackals (D:2)
  3 frilled lizards
  3 kobolds (D:2)
  7 rats
32 creatures vanquished.

Vanquished Creatures (collateral kills)
  2 gnolls (D:2)
2 creatures vanquished.

Grand Total: 34 creatures vanquished

Notes
Turn   | Place    | Note
-------+----------+-------------------------------------------
     0 | D:1      | sking99 the Deep Elf Wizard began the quest for the Orb.
     0 | D:1      | Reached XP level 1. HP: 10/10 MP: 7/7
   364 | D:1      | Reached XP level 2. HP: 15/15 MP: 6/9
   390 | D:1      | Learned a level 2 spell: Blink
   393 | D:1      | Learned a level 2 spell: Call Imp
  1171 | D:2      | Reached skill level 5 in Spellcasting
  1242 | D:2      | Reached XP level 3. HP: 19/19 MP: 6/11
  1480 | D:2      | Reached XP level 4. HP: 24/24 MP: 5/13
  1870 | D:2      | Slain by a gnoll

Skill      XL: |  1  2  3  4 |
---------------+-------------+-----
Conjurations   | 2 3 |  3.0
Spellcasting   | 5 |  5.5
Translocations | 2 |  2.0
Summonings     | 2 |  2.0
Dodging        | |  2.4
Stealth        | |  2.4

Action                   |  1- 3 |  4- 6 || total
-------------------------+-------+-------++-------
Melee: Unarmed           |       |     5 ||     5
 Cast: Magic Dart        |    58 |    24 ||    82
       Call Imp          |     2 |     4 ||     6
  Eat: Chunk             |     2 |     1 ||     3
Armor: Robe              |     4 |     1 ||     5
Dodge: Dodged            |     7 |    10 ||    17
